 Dungeon Crawl Stone Soup version 0.28.0 (webtiles) character file.

Game seed: 13415664660813697164

282 ragingrage the Chopper (level 6, -3/55 (56) HPs)
             Began as a Minotaur Berserker on Feb 7, 2022.
             Was a Priest of Trog.
             Slain by Crazy Yiuf (13 damage)
             ... on level 3 of the Dungeon.
             The game lasted 00:02:00 (3276 turns).

ragingrage the Chopper (Minotaur Berserker)         Turns: 3276, Time: 00:02:00

HP:   -3/55 (56)    AC:  4    Str: 24    XL:     6   Next: 6%
MP:   5/5           EV: 12    Int:  4    God:    Trog [***...]
Gold: 173           SH:  0    Dex: 13    Spells: 5/5 levels left

rFire   . . .      SeeInvis .   a - +0 hand axe
rCold   + + +      Faith    .   (no shield)
rNeg    + . .      Spirit   .   j - +0 leather armour of the Tundras {rElec rC+ rN+ Dex+4}
rPois   .          Reflect  .   (helmet restricted)
rElec   +          Harm     .   b - +0 cloak
rCorr   .          Rampage  .   (no gloves)
Will    .....                   (no boots)
Stlth   +.........              n - amulet "Gicsai" {RegenMP rC++}
HPRegen 0.18/turn               (no ring)
MPRegen 0.49/turn               (no ring)

@: on berserk cooldown, slowed, lightly drained, very slow
A: horns 2, retaliatory headbutt
a: Renounce Religion, Berserk, Trog's Hand


You were on level 3 of the Dungeon.
You worshipped Trog.
Trog was most pleased with you.
You visited 1 branch of the dungeon, and saw 3 of its levels.
You also visited: Sewer.

You collected 173 gold pieces.

Inventory:

Hand Weapons
 a - a +0 hand axe (weapon)
Missiles
 d - 2 poisoned darts (quivered)
 g - a throwing net
Armour
 b - a +0 cloak (worn)
 j - the +0 leather armour of the Tundras (worn) {rElec rC+ rN+ Dex+4}
   (You found it on level 2 of the Dungeon)

   Dex:       It affects your dexterity (+4).
   rC:        It protects you from cold.
   rElec:     It insulates you from electricity.
   rN:        It protects you from negative energy.
Jewellery
 n - the amulet "Gicsai" (around neck) {RegenMP rC++}
   (You found it on level 3 of the Dungeon)

   [amulet of magic regeneration]

   It increases your rate of magic regeneration.
   rC:        It greatly protects you from cold.
Wands
 o - a wand of polymorph (4)
Scrolls
 c - 2 scrolls of teleportation {unknown}
 e - 4 scrolls of identify {unknown}
 l - 3 scrolls of magic mapping {unknown}
 m - a scroll of immolation {unknown}
 p - a scroll of fog {unknown}
 q - a scroll of summoning {unknown}
Potions
 f - a potion of might {unknown}
 h - 3 potions of curing {unknown}
 i - 2 potions of flight {unknown}
 k - a potion of lignification {unknown}


   Skills:
 + Level 5.5 Fighting
 * Level 7.1 Axes
 - Level 2.4 Armour
 - Level 2.1 Dodging


You had 5 spell levels left.
You didn't know any spells.
Your spell library was empty.

Dungeon Overview and Level Annotations

Branches:
Dungeon (3/15)              Sewer (visited)

Altars:

Annotations:
D:3 Crazy Yiuf


Innate Abilities, Weirdness & Mutations

You have a pair of horns on your head.
You reflexively headbutt those who attack you in melee.


Message History

Crazy Yiuf is moderately wounded.
Crazy Yiuf says, "Crazy?
Crazy!?
PORCUPINE!"
Crazy Yiuf barely misses you.
You are too confused!
You are too confused!
You bump into the stone wall.
You are too confused!
You hit Crazy Yiuf. Your headbutt misses Crazy Yiuf.
Crazy Yiuf is heavily wounded.
Crazy Yiuf misses you.
You're too confused to move!
You bump into the rock wall.
You feel a strong urge to attack something.
Crazy Yiuf screams, "Scoff horse down!"
Crazy Yiuf hits you with a +3 quarterstaff of chaos.
You resist with some effort.
You are no longer berserk.
You are exhausted.
You feel yourself slow down.
You bump into the rock wall.
You feel less confused. Crazy Yiuf barely misses you. You furiously retaliate!
You headbutt Crazy Yiuf, but do no damage.
You closely miss Crazy Yiuf. You headbutt Crazy Yiuf.
Crazy Yiuf is heavily wounded.
Crazy Yiuf grits, "Spliff!
Proton hog down."
Crazy Yiuf hits you with a +3 quarterstaff of chaos!
You partially resist.
You feel drained.
Crazy Yiuf hits you with a +3 quarterstaff of chaos.
Crazy Yiuf burns you.
You hit Crazy Yiuf but do no damage.
Crazy Yiuf is heavily wounded.
Crazy Yiuf hits you with a +3 quarterstaff of chaos!
* * * LOW HITPOINT WARNING * * *
Crazy Yiuf freezes you.
* * * LOW HITPOINT WARNING * * *
You hit Crazy Yiuf.
Crazy Yiuf is almost dead.
Crazy Yiuf hits you with a +3 quarterstaff of chaos!
You die...

...<.###..#####
..........#
..####.#..#
##### ..#
#....# #)..#
..# #....#
#...#
.######...# ...
..........# #'#
#########.#
#g## #.# ##@#
#.# #.## #.#
##.# #.# ##.##
#.# ##.P.# #.#
#..PP# #.#
#....#
#.####....#
#........##


You could see Crazy Yiuf.

Vanquished Creatures
  Pargi (Sewer)
  5 adders
  4 gnolls (D:2)
  A worm (D:2)
  3 dart slugs
  6 ball pythons
  6 endoplasms
  12 giant cockroaches
  6 goblins
  6 hobgoblins
  7 jackals
  10 kobolds
  2 quokkas
  3 bats
  7 frilled lizards
  11 rats
90 creatures vanquished.

Vanquished Creatures (others)
  A frilled lizard (D:3)
1 creature vanquished.

Grand Total: 91 creatures vanquished

Notes
Turn   | Place    | Note
-------+----------+-------------------------------------------
     0 | D:1      | ragingrage the Minotaur Berserker began the quest for the
                  | Orb.
     0 | D:1      | Reached XP level 1. HP: 19/19 MP: 0/0
    88 | D:1      | Found a faded altar of an unknown god.
    94 | D:1      | Reached skill level 4 in Axes
   214 | D:1      | Reached XP level 2. HP: 27/27 MP: 1/1
  1012 | D:1      | Reached XP level 3. HP: 31/33 MP: 2/2
  1122 | D:2      | Reached ** piety under Trog
  1136 | D:2      | Reached skill level 5 in Axes
  1204 | D:2      | Reached XP level 4. HP: 41/41 MP: 3/3
  1815 | D:2      | Identified the +0 leather armour of the Tundras {rElec rC+
                  | rN+ Dex+4}
  1866 | D:2      | Reached skill level 6 in Axes
  2090 | D:2      | Reached XP level 5. HP: 47/47 MP: 4/4
  2454 | D:3      | Reached skill level 5 in Fighting
  2601 | D:3      | Identified the amulet "Gicsai" {RegenMP rC++}
  2775 | D:3      | Found a runed translucent door.
  2776 | D:3      | Noticed Crazy Yiuf
  2902 | D:3      | Found a glowing drain.
  2915 | Sewer    | Entered a sewer
  2979 | Sewer    | Reached *** piety under Trog
  3010 | Sewer    | Noticed Pargi
  3017 | Sewer    | Killed Pargi
  3018 | Sewer    | Reached skill level 7 in Axes
  3018 | Sewer    | Reached XP level 6. HP: 47/56 MP: 5/5
  3276 | D:3      | Slain by Crazy Yiuf

Illustrated notes

Levels and vault maps discovered:
D:1:      enne_arrival_octagon_isle, layout_basic,
          shapermc_ecumenical_altar_starsandcircs, bh_walls_and_bars
D:2:      minmay_roachtagon, layout_loops_ring
D:3:      layout_rooms, portal_sewer_entry_a, amcnicky_mini_pool_small,
          uniq_crazy_yiuf_cottage

Skill      XL: |  1  2  3  4  5 |
---------------+----------------+-----
Axes           | 4 5 6 7 |  7.1
Fighting       | 4 5 |  5.5
Armour         | |  2.4
Dodging        | |  2.1

Action                   |  1- 3 |  4- 6 || total
-------------------------+-------+-------++-------
Melee: Hand axe          |    64 |   123 ||   187
       Headbutt          |     7 |    17 ||    24
       Punch             |     2 |       ||     2
Invok: Berserk           |     2 |     3 ||     5
Armor: Animal skin       |     9 |     3 ||    12
       Leather armour    |       |    16 ||    16
Dodge: Dodged            |    41 |    83 ||   124
